 Dungeon Crawl Stone Soup version 0.30.1-3-gfc49f6343a (webtiles) character file.

Game seed: 16800892373761690594

85 Heoruswealwe the Conjurer (level 4, -1/24 HPs)
             Began as a Deep Elf Conjurer on Aug 2, 2023.
             Succumbed to a kobold's poison
             ... on level 3 of the Dungeon.
             The game lasted 00:14:00 (1883 turns).

Heoruswealwe the Conjurer (Deep Elf Conjurer)       Turns: 1883, Time: 00:14:00

Health: -1/24      AC:  3    Str:  4    XL:     4   Next: 25%
Magic:  3/12       EV: 12    Int: 25    God:
Gold:   112        SH:  0    Dex: 13    Spells: 2/12 levels left

rFire   . . .        (no weapon)
rCold   . . .        (no shield)
rNeg    . . .        c - +0 robe
rPois   .            (no helmet)
rElec   .            (no cloak)
rCorr   .            (no gloves)
SInv    .            e - +0 pair of boots
Will    .....        (no amulet)
Stlth   ++           (no ring)
HPRegen 0.24/turn    (no ring)
MPRegen 0.13/turn

%: no passive effects
@: lethally poisoned (-1 -> -11), flying
A: no striking features
a: no special abilities


You were on level 3 of the Dungeon.
You visited 1 branch of the dungeon, and saw 3 of its levels.

You collected 112 gold pieces.

Inventory:

Armour
 c - a +0 robe (worn)
 d - a +0 robe
 e - a +0 pair of boots (worn)
 m - a +0 robe
Scrolls
 a - 3 scrolls of identify {unknown}
 f - a scroll of brand weapon {unknown}
 g - a scroll of fog {unknown}
 i - a scroll of noise {unknown}
Potions
 b - a potion of magic
 j - a potion of brilliance {unknown}
 k - a potion of attraction {unknown}
 l - a potion of might {unknown}
 n - a potion of curing {unknown}


   Skills:
 - Level 2.4 Dodging
 - Level 2.4 Stealth
 + Level 4.9 Spellcasting
 + Level 5.4 Conjurations


You had 2 spell levels left.
You knew the following spells:

 Your Spells              Type           Power      Damage    Failure   Level
a - Magic Dart            Conj           100%       1d8       1%          1
b - Searing Ray           Conj           66%        2d6       1%          2
c - Dazzling Flash        Conj/Hex       38%        N/A       9%          3
d - Fulminant Prism       Conj/Hex       9%         3d6       26%         4

Your spell library contained the following spells:

 Spells                   Type           Power      Damage    Failure   Level
 Sting                    Tmut/Pois      24%        1d4       9%          1
 Poisonous Vapours        Pois/Air       12%        N/A       13%         2
 Iskenderun's Mystic Bla  Conj/Tloc      19%        2d6       26%         4
 Olgreb's Toxic Radiance  Pois           6%         N/A       63%         4


Dungeon Overview and Level Annotations

Branches:
Dungeon (3/15)

Altars:
Ashenzari


Message History

Aiming: Magic Dart (safe; 1% risk of failure)
Press: ? - help, Shift-Dir - straight line, f/p - ball python
Aim: a ball python (severely wounded, constricting you, 100% to hit)
The magic dart hits the ball python.
You kill the ball python!
You feel very sick. The kobold barely misses you.
Casting: Magic Dart (safe; 1% risk of failure)
Confirm with . or Enter, or press ? or * to list all spells.
Aiming: Magic Dart (safe; 1% risk of failure)
Press: ? - help, Shift-Dir - straight line, f - frilled lizard
Aim: a frilled lizard (100% to hit)
The magic dart hits the frilled lizard.
The frilled lizard is heavily wounded.
* * * LOW HITPOINT WARNING * * *
You feel sick. The kobold closely misses you.
The frilled lizard barely misses you.
Casting: Magic Dart (safe; 1% risk of failure)
Confirm with . or Enter, or press ? or * to list all spells.
Aiming: Magic Dart (safe; 1% risk of failure)
Press: ? - help, Shift-Dir - straight line, f/p - frilled lizard
Aim: a frilled lizard (heavily wounded, 100% to hit)
The magic dart hits the frilled lizard.
You kill the frilled lizard!
* * * LOW HITPOINT WARNING * * *
You feel sick. The kobold hits you but does no damage.
You are more poisoned.
Casting: Magic Dart (safe; 1% risk of failure)
Confirm with . or Enter, or press ? or * to list all spells.
Aiming: Magic Dart (safe; 1% risk of failure)
Press: ? - help, Shift-Dir - straight line, f - kobold
Aim: a kobold, wielding a +0 short sword of venom and quivering poisoned darts (100% to hit)
The magic dart hits the kobold.
You kill the kobold!
* * * LOW HITPOINT WARNING * * *
You feel very sick.
It was a potion of flight.
You feel very buoyant.
You fly up into the air.
You die...

... ... ..
.. #. #.
###.###
#...@†#
#>..)†......
#.......##.#
###.......
#.#.......
#. .......
.. .......
.. ####...


There were no monsters in sight!

Vanquished Creatures
  5 adders (D:2)
  A worm (D:2)
  2 dart slugs (D:1)
  4 giant cockroaches
  5 goblins
  A quokka (D:3)
  3 ball pythons
  6 bats
  A frilled lizard (D:3)
  3 kobolds
  6 rats
37 creatures vanquished.

Notes
Turn   | Place    | Note
-------+----------+-------------------------------------------
     0 | D:1      | Heoruswealwe the Deep Elf Conjurer began the quest for the
                  | Orb.
     0 | D:1      | Reached XP level 1. HP: 10/10 MP: 6/6
   217 | D:1      | Reached XP level 2. HP: 15/15 MP: 2/8
   220 | D:1      | Learned a level 2 spell: Searing Ray
   915 | D:2      | Reached skill level 5 in Conjurations
   915 | D:2      | Reached XP level 3. HP: 19/19 MP: 5/10
   919 | D:2      | Learned a level 3 spell: Dazzling Flash
  1609 | D:2      | Found a broken altar of Ashenzari.
  1749 | D:2      | Reached XP level 4. HP: 24/24 MP: 9/12
  1755 | D:2      | Learned a level 4 spell: Fulminant Prism
  1883 | D:3      | Succumbed to a kobold's poison

Illustrated notes

Levels and vault maps discovered:
D:1:      dpeg_arrival_boxes_within_box, layout_basic, serial_rivers,
          chequers_serial_rivers_small_3, chequers_serial_rivers_micro_a,
          chequers_serial_rivers_marsh, chequers_serial_rivers_large_a,
          chequers_serial_rivers_small_b, minivault_25, minmay_misc_feat_encased
D:2:      layout_basic, basic_altar
D:3:      layout_rooms, uniq_robin

Skill      XL: |  1  2 |
---------------+-------+-----
Spellcasting   | 4 |  4.9
Conjurations   | 5 |  5.4
Dodging        | |  2.4
Stealth        | |  2.4

Action                     |  1- 3 |  4- 6 || total
---------------------------+-------+-------++-------
  Melee: Unarmed           |     1 |       ||     1
   Cast: Magic Dart        |    55 |    18 ||    73
    Use: Potion            |       |     1 ||     1
 Armour: Robe              |       |     1 ||     1
  Dodge: Dodged            |     7 |     7 ||    14
